 Dungeon Crawl Stone Soup version 0.29-a0-1065-g47a6bb87d6 (webtiles) character file.

Game seed: 8518974173127279887

2178 drugrobin the Fighter (level 8, -16/74 HPs)
             Began as a Demigod Delver on Aug 19, 2022.
             Demolished by a two-headed ogre
             ... wielding a +0 giant spiked club
              (27 damage)
             ... on level 8 of the Dungeon.
             The game lasted 00:13:16 (5533 turns).

drugrobin the Fighter (Demigod Delver)              Turns: 5533, Time: 00:13:16

Health: -16/74     AC:  5    Str: 17    XL:     8   Next: 86%
Magic:  19/19      EV: 16    Int: 16    God:
Gold:   474        SH:  0    Dex: 15    Spells: 5/7 levels left

rFire   . . .      SeeInvis .   d - +2 spear (venom)
rCold   . . .      Faith    .   (no shield)
rNeg    . . .      Spirit   .   r - +1 robe "Cekkig" {rPois Regen+}
rPois   +          Reflect  .   x - +0 helmet
rElec   .          Harm     .   (no cloak)
rCorr   .          Rampage  .   (no gloves)
Will    .....                   n - +0 pair of boots
Stlth   +++.......              B - amulet of the acrobat
HPRegen 1.02/turn               u - +4 ring of evasion
MPRegen 0.16/turn               z - ring of magical power

@: no status effects
A: high MP 1, forlorn, divine attributes
a: no special abilities


You were on level 8 of the Dungeon.
You visited 1 branch of the dungeon, and saw 8 of its levels.

You collected 474 gold pieces.

Inventory:

Hand Weapons
 a - a +2 whip of electrocution
 b - a +0 shortbow
 c - a +0 war axe
 d - a +2 spear of venom (weapon)
 q - a +0 hand axe
Armour
 n - a +0 pair of boots (worn)
 r - the +1 robe "Cekkig" (worn) {rPois Regen+}
   (You found it on level 2 of the Dungeon)

   rPois:     It protects you from poison.
   Regen:     It increases your rate of health regeneration.
 x - a +0 helmet (worn)
Magical Staves
 A - a staff of fire
Jewellery
 u - a +4 ring of evasion (left hand)
 z - a ring of magical power (right hand)
 B - an amulet of the acrobat (around neck)
Wands
 g - a wand of digging (3)
 F - a wand of roots (11)
 K - a wand of light (13)
Scrolls
 e - 2 scrolls of fear
 i - 3 scrolls of poison {unknown}
 j - 2 scrolls of acquirement {unknown}
 k - 6 scrolls of identify {unknown}
 p - a scroll of summoning {unknown}
 s - a scroll of torment {unknown}
 t - 2 scrolls of noise {unknown}
 y - a scroll of butterflies {unknown}
 C - 2 scrolls of amnesia {unknown}
 G - 2 scrolls of teleportation {unknown}
 I - 2 scrolls of enchant armour {unknown}
 J - a scroll of fog
 L - a scroll of magic mapping
 N - a scroll of enchant weapon {unknown}
Potions
 f - 2 potions of flight {unknown}
 h - 3 potions of lignification {unknown}
 l - 2 potions of mutation {unknown}
 m - 2 potions of invisibility
 o - 3 potions of curing {unknown}
 v - 2 potions of might {unknown}
 w - a potion of brilliance {unknown}
 D - 4 potions of heal wounds {unknown}
 E - a potion of haste
 H - a potion of attraction {unknown}


   Skills:
 + Level 8.1 Fighting
 + Level 7.8 Axes
 - Level 2.5 Dodging
 - Level 4.9 Stealth


You had 5 spell levels left.
You knew the following spells:

 Your Spells              Type           Power      Damage    Failure   Level
a - Wereblood             Tmut           0%         N/A       36%         2

Your spell library contained the following spells:

 Spells                   Type           Power      Damage    Failure   Level
 Sublimation of Blood     Necr           0%         N/A       36%         2
 Summon Hydra             Summ           0%         N/A       100%        7


Dungeon Overview and Level Annotations

Branches:
Dungeon (8/15)             Temple (0/1) D:6            Lair (0/5) D:8

Portals:
Abyss: D:3

Annotations:
D:3 2 transporters, ytrimaz's ghost, amateur FoFi
D:4 Grinder


Innate Abilities, Weirdness & Mutations

You have an increased reservoir of magic. (+10% MP)
You shall have no god before yourself.
Your divine heritage dramatically boosts your attributes as you level up.


Message History

Press: ? - help, Shift-Dir - straight line, f/p - two-headed ogre
Aim: a two-headed ogre, wielding two +0 giant spiked clubs (heavily wounded, 86% to hit)
The bolt of light hits the wyvern!
The wyvern is moderately wounded.
The wyvern is blinded.
The bolt of light hits the two-headed ogre!
The two-headed ogre is severely wounded.
The two-headed ogre is blinded.
Unknown command.
Unknown command.
Unknown command.
Unknown command.
Unknown command.
Unknown command.
Unknown command.
You catch the helpless two-headed ogre completely off-guard!
You hit the two-headed ogre.
The two-headed ogre is poisoned.
The two-headed ogre is severely wounded.
Unknown command.
Unknown command.
You hit the two-headed ogre.
The two-headed ogre is almost dead.
The two-headed ogre barely misses you.
The two-headed ogre hits you with a +0 giant spiked club!
Unknown command.
Unknown command.
Unknown command.
You catch the helpless two-headed ogre completely off-guard!
You hit the two-headed ogre.
The two-headed ogre looks as sick as possible!
The two-headed ogre is almost dead.
Unknown command.
Unknown command.
You hit the two-headed ogre.
The two-headed ogre looks as sick as possible!
The two-headed ogre is almost dead.
The two-headed ogre hits you with a +0 giant spiked club!!
* * * LOW HITPOINT WARNING * * *
The two-headed ogre hits you with a +0 giant spiked club!!
You die...

##########........ooo.)..#.....
#........................#.....
#........................#.....
#........................#.[...
#...................<....#.....
#........................#.....
#........................#.....
#.............O..........#.....
#.............@..........+<....
#........................#.....
#.......###########......#.....
#.......# #......####+#
#.......# #............
#.......# #............
#......)# #............
#.......###########............
#.............##...............


You could see a two-headed ogre (blind, extremely poisoned).

Vanquished Creatures
  Prince Ribbit (D:5)
  A wyvern (D:7)
  Edmund (D:6)
  A water moccasin (D:5)
  An ice beast (D:5)
  A sky beast (D:7)
  An ogre (D:6)
  A centaur (D:6)
  2 phantoms
  A kobold brigand (D:8)
  A necrophage (D:5)
  2 bullfrogs
  A gnoll sergeant (D:7)
  5 scorpions
  2 hounds
  A jelly (D:6)
  2 iguanas
  Terence (D:3)
  5 orc wizards
  Robin (D:3)
  3 gnolls (D:7)
  6 adders
  A shadow imp (D:6)
  A white imp (D:5)
  A worm (D:3)
  3 dart slugs
  14 orcs
  11 endoplasms
  A giant cockroach (D:1)
  11 goblins
  7 hobgoblins
  3 quokkas
  A ball python (D:1)
  12 bats
  5 frilled lizards
  7 kobolds
  3 rats
122 creatures vanquished.

Notes
Turn   | Place    | Note
-------+----------+-------------------------------------------
     0 | D:5      | drugrobin the Demigod Delver began the quest for the Orb.
     0 | D:5      | Reached XP level 1. HP: 18/18 MP: 3/3
    36 | D:5      | Noticed Prince Ribbit
    49 | D:5      | Noticed a scorpion
    81 | D:5      | Killed a scorpion
    82 | D:5      | Reached skill level 3 in Fighting
    82 | D:5      | Reached XP level 2. HP: 8/26 MP: 4/4
    82 | D:5      | Reached XP level 3. HP: 10/31 MP: 5/5
   968 | D:2      | Reached XP level 4. HP: 38/38 MP: 6/6
  1034 | D:2      | Identified the +1 robe "Cekkig" {rPois Regen+}
  1416 | D:3      | Noticed Terence
  1430 | D:3      | Killed Terence
  1438 | D:3      | Found a transporter.
  1441 | D:3      | Found the +8 demon trident "Rift" {distort, reach+}
  1453 | D:3      | Found a transporter.
  1467 | D:3      | Noticed a small abomination
  1472 | D:3      | Found a one-way gate to the infinite horrors of the Abyss.
  1472 | D:3      | Noticed ytrimaz's ghost (amateur FoFi)
  1575 | D:3      | Noticed Robin
  1590 | D:3      | Killed Robin
  2186 | D:4      | You fall into a shaft and drop 3 floors!
  2209 | D:6      | Reached XP level 5. HP: 46/46 MP: 7/7
  2226 | D:5      | Reached skill level 4 in Fighting
  2418 | D:4      | Reached XP level 6. HP: 51/53 MP: 8/8
  2652 | D:4      | Noticed Grinder
  2740 | D:5      | Reached skill level 5 in Fighting
  2843 | D:5      | Killed Prince Ribbit
  2844 | D:5      | Reached skill level 5 in Axes
  2844 | D:5      | Reached XP level 7. HP: 32/61 MP: 9/9
  3114 | D:5      | Reached skill level 6 in Fighting
  3471 | D:6      | Learned a level 2 spell: Wereblood
  3634 | D:6      | Reached XP level 8. HP: 60/71 MP: 10/10
  3651 | D:6      | Noticed Edmund
  3672 | D:6      | Killed Edmund
  3673 | D:6      | Reached skill level 7 in Fighting
  3942 | D:6      | Found a staircase to the Ecumenical Temple.
  5265 | D:7      | Reached skill level 8 in Fighting
  5417 | D:8      | Found a staircase to the Lair.
  5491 | D:8      | Noticed a two-headed ogre
  5533 | D:8      | Demolished by a two-headed ogre

Illustrated notes

Levels and vault maps discovered:
D:1:      eino_arrival_water_star, layout_loops_ring
D:2:      layout_rooms, shapermc_ecumenical_altar_totnotflames, minmay_cupped
D:3:      layout_loops_ring, gammafunk_ghost_abyssal_escape,
          kennysheep_generic_room_11, uniq_terence, uniq_robin
D:4:      layout_rooms, led_sif_pool, lemuel_round_altar, hex_medium,
          uniq_grinder
D:5:      layout_gridville, amcnicky_altar_gilded, uniq_prince_ribbit1
D:6:      layout_rooms, kennysheep_little_box,
          minmay_temple_entry_enclosed_plants, chequers_avenue,
          hellmonk_bongcloud_opening, uniq_edmund
D:7:      layout_basic, cheibriados_altar_1, lemuel_tele_altar
D:8:      layout_gridville, nemelex_spade_bored_becter,
          mainiacjoe_overflow_boulevard, nicolae_tso_swordbearing_angel,
          dpeg_oklobed_lair, minmay_fire_ice_demons

Skill      XL: |  1  2  3  4  5  6  7  8 |
---------------+-------------------------+-----
Fighting       | 3 4 5 6 8 |  8.1
Axes           | 2 3 4 5 6 7 |  7.8
Dodging        | 2 |  2.5
Stealth        | |  4.9

Action                   |  1- 3 |  4- 6 |  7- 9 || total
-------------------------+-------+-------+-------++-------
Melee: War axe           |    46 |    57 |    11 ||   114
       Whip              |       |   102 |   179 ||   281
       Punch             |       |     1 |     2 ||     3
       Spear             |       |       |    36 ||    36
 Fire: Shortbow          |       |       |    28 ||    28
Throw: Dart              |       |       |     1 ||     1
 Cast: Wereblood         |       |       |     3 ||     3
Evoke: Wand              |       |     1 |     3 ||     4
  Use: Potion            |     1 |       |       ||     1
 Stab: Sleeping          |    10 |     7 |     5 ||    22
       Invisible         |       |       |     2 ||     2
Armor: Leather armour    |    10 |     2 |       ||    12
       Robe              |       |    21 |    47 ||    68
Dodge: Dodged            |    22 |   107 |   178 ||   307

Table legend: (Time is in decaauts)
 A = Elapsed time spent in this place.
 B = Non-inter-level travel time spent in this place.
 C = Inter-level travel time spent in this place.
 D = Time resting spent in this place.
 E = Time spent auto-exploring this place.
 F = Levels seen in this place.
 G = Mean time per level.
                   A        B        C        D        E       F      G
               +--------+--------+--------+--------+--------+-----+--------+
         Total |   5531 |   5143 |    388 |    404 |   3117 |   8 |  691.4 |
       Dungeon |   5531 |   5143 |    388 |    404 |   3117 |   8 |  691.4 |
               +--------+--------+--------+--------+--------+-----+--------+

Top non-repeatable levels by time:
     D:5: 1191 daAuts
     D:7: 982 daAuts
     D:3: 908 daAuts
     D:1: 595 daAuts
     D:4: 591 daAuts
     D:6: 584 daAuts
     D:2: 478 daAuts
     D:8: 199 daAuts
